 Dungeon Crawl Stone Soup version 0.20-a0-454-g2b43fbb (webtiles) character file.

9024 M4edhros the Blocker (level 11, -1/67 HPs)
             Began as an Octopode Artificer on Jan 9, 2017.
             Was a High Priest of Fedhas.
             Slain by an eight-headed hydra (6 damage)
             ... on level 11 of the Dungeon.
             The game lasted 00:23:52 (12389 turns).

M4edhros the Blocker (Octopode Artificer)          Turns: 12389, Time: 00:23:53

Health: -1/67      AC:  1    Str:  8    XL:     11   Next: 40%
Magic:  0/16       EV: 16    Int: 16    God:    Fedhas [*****.]
Gold:   577        SH: 15    Dex: 19    Spells: 10/10 levels left

rFire  + + +     SeeInvis .     R - +5 spear
rCold  + . .     Gourm    .     y - +0 large shield "Muoc" {rPois rF+ rN++ Dex+4}
rNeg   + + +     Faith    .     (helmet restricted)
rPois  +         Spirit   +     n - amulet of guardian spirit
rElec  .         Reflect  .     (no ring)
rCorr  .         Harm     .     t - ring of positive energy
MR     .....                    I - ring of protection from cold
Stlth  +++++.....               P - ring "Hyudghif" {rF++ Int+2}
                                (no ring)
                                (no ring)
                                (no ring)
                                (no ring)

@: no status effects
A: almost no armour, stealthy swim, amphibious, 8 rings, constrict 8, antennae
1, camouflage 1, frail 1, poison resistance, screaming 1, weak 2, gelatinous
body 1, subdued magic 2
a: Fungal Bloom, Evolution, Sunlight, Growth, Reproduction, Rain, Renounce
Religion


You were on level 11 of the Dungeon.
You worshipped Fedhas.
Fedhas was extremely pleased with you.
You were not hungry.

You visited 2 branches of the dungeon, and saw 12 of its levels.
You also visited: Ossuary.

You collected 577 gold pieces.

Inventory:

Hand Weapons
 f - a +1 short sword of holy wrath
 i - a +1 short sword of venom
 k - a +0 hunting sling
 p - a +1 dagger of venom
 R - a +5 spear (weapon)
Missiles
 l - 298 stones (quivered)
 r - 75 sling bullets
Armour
 x - a +1 shield
 y - the +0 large shield "Muoc" (worn) {rPois rF+ rN++ Dex+4}
   (You found it on level 4 of the Dungeon)

   It affects your dexterity (+4).
   It protects you from fire.
   It protects you from poison.
   It greatly protects you from negative energy.
Jewellery
 e - an uncursed ring of fire
 n - an amulet of guardian spirit (around mantle)
 t - a ring of positive energy (right tentacle)
 I - a ring of protection from cold (on tentacle)
 P - the ring "Hyudghif" (on tentacle) {rF++ Int+2}
   (You found it on level 8 of the Dungeon)

   [ring of intelligence]

   It affects your intelligence (+2).
   It greatly protects you from fire.
Wands
 b - a wand of flame (0/48)
 c - a wand of enslavement (12/24)
 d - a wand of random effects (8/48)
 v - a wand of random effects (35/48)
 J - a wand of polymorph (16/24)
 O - a wand of polymorph (5/24)
 Q - a wand of random effects (36/48)
 S - a wand of lightning (2/15)
 V - a wand of scattershot (6/9)
 X - a wand of confusion (25/48)
Scrolls
 a - 3 scrolls of remove curse
 m - 2 scrolls of magic mapping
 o - 5 scrolls of identify
 q - a scroll of amnesia
 w - 2 scrolls of enchant armour
 B - a scroll of immolation
 C - a scroll of summoning {unknown}
 F - a scroll of random uselessness {unknown}
 G - 3 scrolls of fog {unknown}
 H - 3 scrolls of enchant weapon {unknown}
 N - a scroll of blinking {unknown}
Potions
 s - 2 potions of invisibility {unknown}
 z - 2 potions of resistance
 A - 3 potions of flight
 E - a potion of cancellation {unknown}
 K - 4 potions of mutation {unknown}
 L - a potion of might {unknown}
 M - a potion of berserk rage {unknown}
 T - a potion of lignification
 U - a potion of agility
 W - a potion of curing {unknown}
Books
 h - a book of Frost

   Spells                             Type                      Level
   a - Freeze                         Ice                          1
   b - Throw Frost                    Conjuration/Ice              2
   c - Ozocubu's Armour               Charms/Ice                   3
   d - Throw Icicle                   Conjuration/Ice              4
   e - Summon Ice Beast               Ice/Summoning                4
Comestibles
 g - 6 meat rations
 j - 6 beef jerkies
 u - 4 bread rations
 D - 7 slices of pizza


   Skills:
 + Level 7.3 Fighting
 - Level 1.0 Short Blades
 * Level 4.8 Polearms
 + Level 7.8 Dodging
 - Level 8.2 Stealth
 * Level 9.4 Shields
 + Level 7.7 Invocations
 - Level 3.2 Evocations


You had 10 spell levels left.
You didn't know any spells.

Dungeon Overview and Level Annotations

Branches:
Dungeon (11/15)            Temple (1/1) D:4            Lair (0/6) D:8
    Orc (0/2) D:11

Altars:
Ashenzari
Dithmenos
Elyvilon
Fedhas
Gozag
Hepliaklqana
Kikubaaqudgha
Makhleb
Okawaru
Ru
Sif Muna
Trog
Vehumet
Xom
Yredelemnul
Zin

Shops:
D:10 [


Innate Abilities, Weirdness & Mutations

You cannot wear most types of armour.
You are very stealthy in the water. (Stealth+)
You are amphibious.
You can wear up to eight rings at the same time.
You can use your tentacles to constrict eight enemies at once.
Your skin changes colour to match your surroundings (Stealth+).
Your rubbery body absorbs attacks. (AC +1, EV +1)
You have a pair of small antennae on your head.
You are frail. (-10% HP)
Your system is resistant to poisons. (rPois)
You occasionally shout uncontrollably at your foes.
You are very weak. (Str -4)
Your spells are easier to cast, but less powerful.


Message History

You are too injured to fight recklessly!
You are too injured to fight recklessly!
Your wandering mushroom releases spores at the eight-headed hydra!
The eight-headed hydra is engulfed in a cloud of spores!
Your wandering mushroom releases spores at the eight-headed hydra!
The eight-headed hydra is engulfed in a cloud of spores!
Attack whom?
Press: ? - help, Dir - move target cursor, f - you, p - eight-headed hydra
Okay, then.
You swap places.
The eight-headed hydra bites you.
You block the eight-headed hydra's attack.
The eight-headed hydra completely misses you.
The eight-headed hydra bites you!
* * * LOW HITPOINT WARNING * * *
The eight-headed hydra barely misses you.
The eight-headed hydra bites you!
* * * LOW HITPOINT WARNING * * *
The eight-headed hydra bites you!
You die...
Fedhas appreciates your contribution to the ecosystem.

# #.#.. ##+ #.
#.##############.#.P #... #.
#..............#.... #.%.##.
O..................P #......
.................... #......
#+#####....... #......
#)[...........
#......########.###).)......
#......'..f@D.....#...D.....
#......########.#...[#......
#...... #.......##.###..
#...... #.#.............
#...... ##....##......
####### #...........
o..............
...o...###..... .......
.....


You could see an eight-headed hydra (confused) and a friendly wandering
mushroom.

Vanquished Creatures
  A two-headed ogre (D:8)
  A manticore (D:9)
  Joseph (D:9)
  A gargoyle (D:11)
  2 hippogriffs
  A yak (D:8)
  2 hogs (D:7)
  A human (D:7)
  A porcupine (D:8)
  A water moccasin (D:9)
  An ice beast (D:7)
  A phantom (D:5)
  2 sky beasts
  3 ogres
  2 orc warriors (D:11)
  2 centaurs
  A big kobold (D:10)
  3 bullfrogs (D:9)
  2 elf skeletons (Ossuary)
  A wyvern skeleton (D:9)
  5 scorpions
  A water moccasin skeleton (D:5)
  16 killer bees
  4 wights (D:10)
  A howler monkey (D:4)
  7 crimson imps
  A quasit (D:9)
  5 hounds
  4 centaur skeletons
  A gnoll shaman (D:6)
  3 orc priests
  7 orc wizards
  A bullfrog skeleton (D:4)
  Jessica (D:3)
  2 iguanas
  7 worker ants
  A big kobold skeleton (Ossuary)
  3 hound skeletons
  4 mummies (Ossuary)
  23 adders
  12 gnolls
  A shadow imp (D:6)
  A white imp (D:7)
  3 oozes
  3 worms
  3 leopard geckos
  42 orcs
  3 ball pythons
  4 giant cockroaches
  14 goblins
  13 hobgoblins
  9 jackals
  11 kobolds
  6 quokkas
  9 bats
  6 frilled lizards
  A gnoll skeleton (Ossuary)
  2 goblin skeletons (Ossuary)
  A kobold skeleton (Ossuary)
  2 orc skeletons (Ossuary)
  9 rats
  2 rat skeletons (Ossuary)
284 creatures vanquished.

Vanquished Creatures (collateral kills)
  2 two-headed ogres (D:9)
  Maurice (D:10)
  A troll (D:9)
  A hippogriff (D:9)
  A hog (D:7)
  2 porcupines (D:8)
  An ice beast (D:6)
  A black bear (D:8)
  2 sky beasts (D:5)
  An ogre (D:7)
  A bullfrog (D:8)
  5 killer bees
  4 wights (D:8)
  3 orc priests
  4 orc wizards
  2 worker ants
  A mummy (D:6)
  Robin (D:3)
  8 gnolls
  A leopard gecko (D:9)
  5 orcs
  3 goblins (D:3)
  A quokka (D:4)
52 creatures vanquished.

Vanquished Creatures (others)
  A yak (D:7)
  A necrophage (D:6)
  9 wandering mushrooms
  A ballistomycete spore (D:9)
  3 fungi (D:8)
  A plant (D:8)
  238 toadstools
254 creatures vanquished.

Grand Total: 590 creatures vanquished

Notes
Turn   | Place    | Note
-------+----------+-------------------------------------------
     0 | D:1      | M4edhros the Octopode Artificer began the quest for the Orb.
     0 | D:1      | Reached XP level 1. HP: 13/13 MP: 3/3
   564 | D:1      | You fall through a shaft!
   609 | D:2      | Reached XP level 2. HP: 18/18 MP: 4/4
   757 | D:2      | Reached XP level 3. HP: 22/23 MP: 5/5
   768 | D:3      | Noticed Robin
   848 | D:3      | Noticed Jessica
   850 | D:3      | Killed Jessica
   850 | D:3      | Reached skill level 5 in Stealth
   850 | D:3      | Reached XP level 4. HP: 21/28 MP: 6/6
   854 | D:4      | Found a staircase to the Ecumenical Temple.
   858 | Temple   | Entered the Ecumenical Temple
   892 | Temple   | Became a worshipper of Fedhas Madash
  1408 | D:1      | Reached * piety under Fedhas
  2043 | D:2      | Reached XP level 5. HP: 31/33 MP: 5/7
  2335 | D:3      | Killed Robin
  2580 | D:3      | Found a shadowy altar of Dithmenos.
  2654 | D:3      | Reached skill level 1 in Invocations
  2654 | D:3      | Reached XP level 6. HP: 15/38 MP: 4/8
  2661 | D:3      | Reached ** piety under Fedhas
  3638 | D:4      | Reached XP level 7. HP: 23/45 MP: 4/9
  3679 | D:4      | Got a scorched large shield
  3690 | D:4      | Identified the cursed +0 large shield "Muoc" {rPois rF+ rN++ Dex+4} (You found it on level 4 of the Dungeon)
  3899 | D:4      | Reached skill level 1 in Shields
  4169 | D:4      | Reached *** piety under Fedhas
  4406 | D:4      | Reached skill level 2 in Shields
  4714 | D:5      | Entered Level 5 of the Dungeon
  4821 | D:5      | Gained mutation: You are frail. (-10% HP) [mutagenic meat]
  4822 | D:5      | Gained mutation: Your spells are a little easier to cast, but a little less powerful. [mutagenic meat]
  4823 | D:5      | Gained mutation: Your spells are easier to cast, but less powerful. [mutagenic meat]
  4824 | D:5      | Gained mutation: You occasionally shout uncontrollably at your foes. [mutagenic meat]
  4825 | D:5      | Gained mutation: Your body sometimes deteriorates upon taking damage. [mutagenic meat]
  4886 | D:5      | Reached XP level 8. HP: 44/46 MP: 5/10
  4891 | D:5      | Lost mutation: Your body sometimes deteriorates upon taking damage. [mutagenic meat]
  4892 | D:5      | Gained mutation: You have a pair of small antennae on your head. [mutagenic meat]
  4960 | D:5      | Reached skill level 3 in Shields
  5061 | D:5      | Gained mutation: You are weak. (Str -2) [mutagenic meat]
  5062 | D:5      | Gained mutation: You are very weak. (Str -4) [mutagenic meat]
  5063 | D:5      | Gained mutation: Your system is resistant to poisons. (rPois) [mutagenic meat]
  5683 | D:6      | Reached **** piety under Fedhas
  5700 | D:6      | Reached skill level 4 in Shields
  5712 | D:6      | Found a sand-covered staircase.
  5753 | Ossuary  | Entered an ossuary
  6506 | D:6      | Reached skill level 5 in Dodging
  7187 | D:7      | Reached skill level 5 in Shields
  7187 | D:7      | Reached XP level 9. HP: 53/53 MP: 12/12
  7495 | D:7      | Reached skill level 5 in Invocations
  7584 | D:7      | Found a sacrificial altar of Ru.
  7673 | D:7      | Reached skill level 5 in Fighting
  7673 | D:7      | Reached skill level 6 in Shields
  8174 | D:8      | Noticed a two-headed ogre
  8181 | D:8      | Killed a two-headed ogre
  8181 | D:8      | Reached skill level 7 in Shields
  8181 | D:8      | Reached XP level 10. HP: 36/61 MP: 7/14
  8290 | D:8      | Found a staircase to the Lair.
  9300 | D:8      | Got a coiled silver ring
  9301 | D:8      | Identified the ring "Hyudghif" {rF++ Int+2} (You found it on level 8 of the Dungeon)
  9592 | D:8      | Reached ***** piety under Fedhas
  9601 | D:9      | Noticed a two-headed ogre
  9615 | D:9      | Killed a two-headed ogre
  9615 | D:9      | Reached skill level 1 in Polearms
  9615 | D:9      | Reached skill level 8 in Shields
  9640 | D:9      | Noticed Joseph
  9658 | D:9      | Killed Joseph
  9671 | D:9      | Noticed a two-headed ogre
  9679 | D:9      | Killed a two-headed ogre
  9783 | D:9      | Noticed a manticore
  9802 | D:9      | Killed a manticore
 10390 | D:9      | Reached XP level 11. HP: 62/66 MP: 16/16
 11126 | D:10     | Entered Level 10 of the Dungeon
 11155 | D:10     | Reached skill level 9 in Shields
 11378 | D:10     | Noticed Maurice
 11388 | D:10     | Killed Maurice
 11931 | D:10     | Found Huzusm's Antique Armour Shop.
 12291 | D:11     | Found a staircase to the Orcish Mines.
 12370 | D:11     | Noticed a two-headed ogre
 12374 | D:11     | Noticed an eight-headed hydra
 12389 | D:11     | Slain by an eight-headed hydra

Vault maps used:
D:1:      dpeg_arrival_round_a
D:3:      minmay_diamond_boxcup, first_bread,
          nicolae_dithmenos_through_a_glass_darkly, uniq_jessica, uniq_robin
D:6:      gup_ossuary_entry_pyramid, kennysheep_boxes
D:7:      basic_altar, grunt_livestock, minmay_fire_ice_demons
D:8:      due_lair_maze_entry_diamond
D:9:      uniq_maurice, uniq_joseph
D:10:     serial_shops, nicolae_shop_waterfront
D:11:     david_orc_3, corexii_checkpoint_b
Temple:   kilobyte_greek_temple
Ossuary:  ossuary_minmay_tomb_2a

Skill      XL: |  1  2  3  4  5  6  7  8  9 10 11 |
---------------+----------------------------------+-----
Stealth        | 3 4 5 6 7 8 |  8.2
Invocations    | 1 2 3 4 6 7 |  7.7
Fighting       | 2 3 4 5 6 7 |  7.3
Dodging        | 3 4 5 6 7 |  7.8
Shields        | 2 5 7 8 9 |  9.4
Polearms       | 3 4 |  4.8
Short Blades   | |  1.0
Evocations     | |  3.2

Action                   |  1- 3 |  4- 6 |  7- 9 | 10-12 || total
-------------------------+-------+-------+-------+-------++-------
Melee: Short sword       |    38 |   151 |   221 |    69 ||   479
       Constrict         |     9 |    41 |    64 |    72 ||   186
       Tentacles         |     7 |    21 |    65 |    79 ||   172
       Spear             |       |       |    57 |   295 ||   352
 Fire: Hunting sling     |       |       |    35 |    10 ||    45
Invok: Fungal Bloom      |       |    27 |    40 |    34 ||   101
       Evolution         |       |     1 |     3 |     6 ||    10
       Sunlight          |       |       |     2 |       ||     2
       Reproduction      |       |       |       |     1 ||     1
Evoke: Wand              |       |     8 |    11 |     9 ||    28
  Use: Scroll            |       |       |     7 |     2 ||     9
       Potion            |       |       |     8 |       ||     8
 Stab: Sleeping          |     6 |    20 |    21 |    21 ||    68
       Distracted        |       |     1 |     1 |     1 ||     3
       Confused          |       |       |     1 |     3 ||     4
       Paralysed         |       |       |       |     1 ||     1
  Eat: Bread ration      |       |     2 |     1 |     3 ||     6
       Chunk             |       |     1 |    14 |     1 ||    16
       Meat ration       |       |       |     1 |       ||     1
       Beef jerky        |       |       |       |     1 ||     1
Armor: Skin              |       |     6 |     6 |     4 ||    16
Dodge: Dodged            |    23 |    71 |   113 |   173 ||   380
Block: Shield            |       |    16 |       |       ||    16
       Large shield      |       |       |   164 |   252 ||   416
